 Dungeon Crawl Stone Soup version 0.30-a0-55-g90e3122c3a (webtiles) character file.

Game seed: 6725263700961746534

10 ytrimaz the Insei (level 2, -12/18 HPs)
             Began as an Octopode Transmuter on Sept 9, 2022.
             Mangled by a kobold
             ... wielding a +1 whip of electrocution
              (16 damage)
             ... on level 1 of the Dungeon.
             The game lasted 00:01:25 (215 turns).

ytrimaz the Insei (Octopode Transmuter)              Turns: 215, Time: 00:01:26

Health: -12/18     AC:  1    Str:  9    XL:     2   Next: 20%
Magic:  4/5        EV: 13    Int: 15    God:
Gold:   20         SH:  0    Dex: 12    Spells: 4/5 levels left

rFire   . . .      SeeInvis .      - Unarmed
rCold   . . .      Faith    .    (no shield)
rNeg    . . .      Spirit   .    (helmet restricted)
rPois   .          Reflect  .    (no amulet)
rElec   .          Harm     .    (no ring)
rCorr   .          Rampage  .    (no ring)
Will    .....                    (no ring)
Stlth   ++........               (no ring)
HPRegen 0.06/turn                (no ring)
MPRegen 0.09/turn                (no ring)
                                 (no ring)
                                 (no ring)

@: no status effects
A: almost no armour, amphibious, 8 rings, camouflage 1, gelatinous body 1,
(nimble swimmer 1), tentacles
a: no special abilities


You were on level 1 of the Dungeon.
You visited 1 branch of the dungeon, and saw 1 of its levels.

You collected 20 gold pieces.


Innate Abilities, Weirdness & Mutations

You cannot wear most types of armour.
You are amphibious.
You can wear up to eight rings at the same time.
Your skin changes colour to match your surroundings (Stealth+).
Your rubbery body absorbs attacks. (AC +1, EV +1)
((You are camouflaged when in or above water. (Stealth+)))
You have tentacles for arms and can constrict up to eight enemies at once.


   Skills:
 - Level 1.0 Fighting
 + Level 2.4 Dodging
 + Level 3.3 Unarmed Combat
 - Level 2.0 Spellcasting
 - Level 2.0 Transmutations


You had 4 spell levels left.
You knew the following spells:

 Your Spells              Type           Power      Damage    Failure   Level
a - Beastly Appendage     Tmut           14%        N/A       10%         1

Your spell library contained the following spells:

 Spells                   Type           Power      Damage    Failure   Level
 Wereblood                Tmut           7%         N/A       14%         2
 Spider Form              Tmut/Pois      4%         N/A       41%         3
 Ice Form                 Ice/Tmut       4%         N/A       82%         4

Inventory:

Jewellery
 d - a ring of fire
   (You found it on level 1 of the Dungeon)
Scrolls
 b - a scroll of identify {unknown}
 c - a scroll of summoning {unknown}
Potions
 a - a potion of lignification

Dungeon Overview and Level Annotations

Branches:
Dungeon (1/15) Zot: 5785

Altars:

. #... ######. ##
###. ....#..####
.# #.
......##$.##.# #
#. #..)...#.#.# #.
#..##..#.#.# #.
#.##$?##...# #.
#.#.###†#.)##....#
#.
#.......#...)@.#
#.
#...###.##..##K#
#. #........####
.# #.
##..###.........
#. # .###...####
#. ## ##.# #


You could see a kobold.


Message History

You pierce the hobgoblin.
You kill the hobgoblin!
You tentacle-slap the endoplasm. The endoplasm barely misses you.
You barely miss the endoplasm.
Your transformation is almost over.
The endoplasm freezes you.
You are frozen. 😕 HP[-2]
You take 2 damage, and now have 11/13 hp.
You tentacle-slap the endoplasm.
You pierce the endoplasm.
You kill the endoplasm!
You have reached level 2! 😕 HP[+5] MP[+1]
You now have 18 max hp (+5).
You regained 5 hp, and now have 16/18 hp.
Things that are here:
a +0 club; a hobgoblin corpse; a goblin corpse A ball python comes into view.
The ball python completely misses you. The ball python barely misses you.
You barely miss the ball python. You grab the ball python.
You pierce the ball python.
You kill the ball python!
No target in view!
Unknown command. 😕 MP[+1] No target in view!
A kobold comes into view. It is wielding a +0 dagger.
A kobold is nearby!
Unknown command.
A kobold is nearby!
You miscast Beastly Appendage.
You are very lightly contaminated with residual magic.
Nothing appears to happen.
A rat comes into view. 😕 MP[-1]
You lost 1 mp, and now have 3/5 mp.
Unknown command.
Your tentacle spike disappears.
The kobold barely misses you.
You see here a scroll labelled YHOXZESIVO.
You tentacle-slap the kobold but do no damage.
You grab the kobold. You constrict the kobold.
The kobold hits you with a +0 dagger. 😕 HP[-2]
You take 2 damage, and now have 14/18 hp.
Unknown command.
You tentacle-slap the kobold.
You kill the kobold!
You tentacle-slap the rat.
You kill the rat!
Things that are here:
a +0 dagger; 4 stones; a kobold corpse Unknown command.
No target in view!
Your magical contamination has completely faded away.
Unknown command.
A kobold comes into view. It is wielding a +0 club.
A kobold is nearby!
A kobold is nearby!
Unknown command.
Okay, then.
The kobold shouts!
The kobold barely misses you.
You hear a shout! 😕 HP[+1]
You tentacle-slap the kobold but do no damage.
Your grab misses the kobold.
Your squeeze misses the kobold. 😕 MP[+1]
You tentacle-slap the kobold but do no damage.
Your grab misses the kobold.
The kobold hits you with a +0 club. 😕 HP[-1]
You take 1 damage, and now have 14/18 hp.
You miss the kobold. Your grab misses the kobold.
The kobold hits you with a +0 club.
* * * LOW HITPOINT WARNING * * *
😨 HP[-5]
You take 5 damage, and now have 9/18 hp.
MASSIVE DAMAGE!! (PAUSE)
You closely miss the kobold. You grab the kobold.
You constrict the kobold, but do no damage.
Unknown command.
You tentacle-slap the kobold but do no damage.
You squeeze the kobold.
You kill the kobold!
Things that are here:
a +0 club; a kobold corpse Unknown command.
A kobold comes into view.
It is wielding a +1 whip of electrocution.
Unknown command.
A kobold is nearby!
A kobold is nearby!
Unknown command.
The kobold barely misses you.
You barely miss the kobold. You grab the kobold.
You constrict the kobold, but do no damage.
The kobold hits you with a +1 whip of electrocution.
* * * LOW HITPOINT WARNING * * *
You are electrocuted!
Ouch! That really hurt!
You die...

Action                   || total
-------------------------++-------
Melee: Unarmed           ||    20
       Kick              ||     4
       Constrict         ||     6
       Tentacles         ||     2
 Cast: Beastly Appendage ||     2
Dodge: Dodged            ||     8

Levels and vault maps discovered:
D:1:      minmay_arrival_four_houses, layout_loops_ring,
          shapermc_ecumenical_altar_mp_highgroup, minmay_close_crescents

Notes
Turn   | Place    | Note
-------+----------+-------------------------------------------
     0 | D:1      | ytrimaz the Octopode Transmuter began the quest for the
                  | Orb.
     0 | D:1      | Reached XP level 1. HP: 13/13 MP: 3/3
     0 | D:1      | magus.rc [v1.9.6]
   192 | D:1      | Reached XP level 2. HP: 16/18 MP: 3/5
   215 | D:1      | HP: 4/18 [kobold/+1 whip of electrocution (5)]
   215 | D:1      | Mangled by a kobold

Vanquished Creatures
  3 ball pythons (D:1)
  An endoplasm (D:1)
  A goblin (D:1)
  A hobgoblin (D:1)
  2 kobolds (D:1)
  2 rats (D:1)
10 creatures vanquished.

Table legend:
 A = Non-vault XP
 B = Vault XP
 C = Vault XP percentage of total XP
 D = Non-vault monster count
 E = Vault monster count
 F = Vault count percentage of total count
                 A         B        C        D         E       F
            +---------+---------+-------+---------+---------+-------
      Total |       5 |      10 |  66.7 |       3 |       7 |  70.0
            +---------+---------+-------+---------+---------+-------
        D:1 |       5 |      10 |  66.7 |       3 |       7 |  70.0
            +---------+---------+-------+---------+---------+-------

Illustrated notes

Table legend:
 A = Kills in this place as a percentage of kills in entire the game.
 B = Kills by you in this place as a percentage of kills by you in the entire game.
 C = Kills by friends in this place as a percentage of kills by friends in the entire game.
 D = Other kills in this place as a percentage of other kills in the entire game.
 E = Experience gained in this place as a percentage of experience gained in the entire game.
 F = Experience gained in this place divided by the number of levels of this place that you have seen.
                   A       B       C       D       E      F
               +-------+-------+-------+-------+-------+----------------------
         Total | 100.0 | 100.0 |   N/A |   N/A | 100.0 |  15.0
       Dungeon | 100.0 | 100.0 |   N/A |   N/A | 100.0 |  15.0
               +-------+-------+-------+-------+-------+----------------------

Table legend: (Time is in decaauts)
 A = Elapsed time spent in this place.
 B = Non-inter-level travel time spent in this place.
 C = Inter-level travel time spent in this place.
 D = Time resting spent in this place.
 E = Time spent auto-exploring this place.
 F = Levels seen in this place.
 G = Mean time per level.
                   A        B        C        D        E       F      G
               +--------+--------+--------+--------+--------+-----+--------+
         Total |    213 |    213 |      0 |      0 |    159 |   1 |  213.0 |
       Dungeon |    213 |    213 |      0 |      0 |    159 |   1 |  213.0 |
               +--------+--------+--------+--------+--------+-----+--------+

Top non-repeatable levels by time:
     D:1: 213 daAuts
